 Dungeon Crawl Stone Soup version 0.30-a0-1053-gbd8d5ba0ad (webtiles) character file.

Game seed: 15684412883884738574

34 Pimp the Shooter (level 3, -1/21 HPs)
             Began as a Deep Elf Hunter on Apr 11, 2023.
             Slain by a hound (5 damage)
             ... on level 4 of the Dungeon.
             The game lasted 00:02:47 (676 turns).

Pimp the Shooter (Deep Elf Hunter)                   Turns: 676, Time: 00:02:48

Health: -1/21      AC:  5    Str:  8    XL:     3   Next: 14%
Magic:  5/5        EV: 11    Int: 13    God:
Gold:   52         SH:  0    Dex: 20    Spells: 2/2 levels left

rFire   . . .      SeeInvis .    a - +0 shortbow
rCold   . . .      Faith    .    (shield currently unavailable)
rNeg    . . .      Spirit   .    f - +0 ring mail
rPois   .          Reflect  .    (no helmet)
rElec   .          Rampage  .    (no cloak)
rCorr   .                        (no gloves)
Will    .....                    (no boots)
Stlth   ++                       (no amulet)
HPRegen 0.23/turn                (no ring)
MPRegen 0.09/turn                (no ring)

@: no status effects
A: no striking features
a: no special abilities


You were on level 4 of the Dungeon.
You visited 1 branch of the dungeon, and saw 3 of its levels.

You collected 52 gold pieces.

Inventory:

Hand Weapons
 a - a +0 shortbow (weapon)
Armour
 c - a +0 leather armour
 f - a +0 ring mail (worn)
Magical Staves
 e - a staff of death
Scrolls
 b - a scroll of immolation
 g - 2 scrolls of identify {unknown}
 i - 2 scrolls of amnesia {unknown}
Potions
 d - a potion of curing
 h - a potion of attraction {unknown}


   Skills:
 + Level 2.0 Fighting
 + Level 5.6 Ranged Weapons
 + Level 3.1 Dodging
 + Level 2.2 Stealth


You had 2 spell levels left.
You didn't know any spells.
Your spell library was empty.

Dungeon Overview and Level Annotations

Branches:
Dungeon (2/15)

Altars:

Annotations:
D:4 Ijyb


Message History

The ufetubus hits you but does no damage.
The ufetubus closely misses you. The ufetubus hits you.
The ufetubus closely misses you. The hound barely misses you.
The ufetubus closely misses you. The ufetubus hits you. x2
The ufetubus closely misses you. The ufetubus attacks as you move away!
The ufetubus completely misses you. The ufetubus barely misses you.
You shoot an arrow. The arrow hits the hound.
The hound is moderately wounded.
The hound bites you but does no damage. The ufetubus barely misses you.
The ufetubus hits you but does no damage.
The hound bites you but does no damage. The ufetubus hits you.
The ufetubus barely misses you.
Unknown command.
You shoot an arrow. The arrow hits the hound!
The hound is severely wounded.
The hound bites you. The ufetubus closely misses you.
The ufetubus hits you but does no damage.
The hound bites you. The ufetubus hits you.
* * * LOW HITPOINT WARNING * * *
The ufetubus closely misses you.
You shoot an arrow. The arrow completely misses the hound.
The hound closely misses you. The ufetubus closely misses you.
The ufetubus hits you.
* * * LOW HITPOINT WARNING * * *
The hound bites you.
* * * LOW HITPOINT WARNING * * *
The ufetubus closely misses you. The ufetubus hits you.
* * * LOW HITPOINT WARNING * * *
The hound closely misses you.
The ufetubus hits you but does no damage. x2
It was a potion of curing.
You feel better. The hound bites you. The ufetubus hits you.
* * * LOW HITPOINT WARNING * * *
The ufetubus misses you.
Ijyb the Twisted Goblin comes into view.
She is wielding a +0 club and carrying a wand of charming (15).
You shoot an arrow. The arrow barely misses the hound.
Ijyb shouts!
The hound bites you.
You die...

#....+....
###...##...
..#... ....
#.#..###..#
#.#....#..#
#.#....#..#
.###.#.#..#.#..#
.g....J5h...#..#
#.##.#.#@......#
#.#.......+
#.##......# #.
###+#+## #. #.
#.


You could see Ijyb, a hound, a jelly and an ufetubus.

Vanquished Creatures
  2 dart slugs (D:1)
  3 ball pythons (D:1)
  2 bats (D:1)
  2 endoplasms (D:1)
  A giant cockroach (D:1)
  3 goblins (D:1)
  5 hobgoblins (D:1)
  A quokka (D:1)
  A frilled lizard (D:2)
  5 kobolds (D:1)
  2 rats (D:1)
27 creatures vanquished.

Notes
Turn   | Place    | Note
-------+----------+-------------------------------------------
     0 | D:1      | Pimp the Deep Elf Hunter began the quest for the Orb.
     0 | D:1      | Reached XP level 1. HP: 12/12 MP: 3/3
    62 | D:1      | Reached XP level 2. HP: 17/17 MP: 4/4
   270 | D:1      | Found a faded altar of an unknown god.
   311 | D:1      | Reached XP level 3. HP: 11/21 MP: 5/5
   660 | D:2      | You fall into a shaft and drop 2 floors!
   675 | D:4      | Noticed Ijyb
   676 | D:4      | Slain by a hound

Illustrated notes

Levels and vault maps discovered:
D:1:      dpeg_arrival_houses_and_road, layout_rooms,
          ebering_ecumenical_altar_mist, serial_park_tiny_1
D:2:      layout_loops_ring, basic_altar, serial_forest,
          infiniplex_forest_split, infiniplex_forest_zigzag_1,
          infiniplex_forest_straight_3, infiniplex_forest_end_2,
          infiniplex_forest_straight_4, infiniplex_forest_clump_diagonal
D:4:      layout_basic, uniq_crazy_yiuf_cottage, uniq_eustachio, uniq_sigmund,
          uniq_ijyb

Skill      XL: |  1  2 |
---------------+-------+-----
Stealth        | 2 |  2.2
Dodging        | 3 |  3.1
Fighting       | 2 |  2.0
Ranged Weapons | |  5.6

Action                     || total
---------------------------++-------
   Fire: Shortbow          ||    70
    Use: Potion            ||     1
 Armour: Leather armour    ||     1
         Ring mail         ||    16
  Dodge: Dodged            ||    39

Table legend: (Time is in decaauts)
 A = Elapsed time spent in this place.
 B = Non-inter-level travel time spent in this place.
 C = Inter-level travel time spent in this place.
 D = Time resting spent in this place.
 E = Time spent auto-exploring this place.
 F = Levels seen in this place.
 G = Mean time per level.
                   A        B        C        D        E       F      G
               +--------+--------+--------+--------+--------+-----+--------+
         Total |    701 |    701 |      0 |    100 |    413 |   3 |  233.7 |
       Dungeon |    701 |    701 |      0 |    100 |    413 |   3 |  233.7 |
               +--------+--------+--------+--------+--------+-----+--------+

Top non-repeatable levels by time:
     D:1: 527 daAuts
     D:2: 156 daAuts
     D:4: 17 daAuts
